AoeStats
← EY

African Clearing

504757979Analyzed
3v3 RM · 24d ago on Sep 6, 2026· 36m 21s· 6 players
Game mode
Random Map
Map size
Normal (6 player)
Population
200
Speed
Normal
Resources
Standard
Victory
Conquest
Starting age
Dark Age
Ending age
Imperial Age
RankedLock teamsTeams togetherTeam positionsShared explorationLock speedFull tech treeHidden civsTurbo modeCheats
Victory
Defeat
🇹🇼 Wei · Taiwan
1359
+12
🇭🇰 Vietnamese · Hong Kong SAR China
1303
+14
🇭🇰 Teutons · Hong Kong SAR China
1225
+18
🇭🇰 Tupi · Hong Kong SAR China
1264
-15
🇭🇰 Gurjaras · Hong Kong SAR China
1264
-15
🇭🇰 Mongols · Hong Kong SAR China
1263
-14
bbhin
13:42 Feudal Age
12:38 Loom
14:45 Loom
18:01 Castle Age
15:48 Double-Bit Axe
17:31 Fletching
17:35 Fishing Lines
19:05 Bow Saw
18:53 Bodkin Arrow
21:37 Gold Mining
24:10 Town Watch
27:22 Ballistics
30:43 Imperial Age
29:30 Wheelbarrow
32:27 Chemistry
33:27 Bracer
Hung Kaho
12:35 Feudal Age
14:47 Loom
17:18 Castle Age
22:23 Double-Bit Axe
34:03 Horse Collar
MaGicPK
13:47 Feudal Age
12:04 Loom
13:50 Feudal Age
18:00 Castle Age
16:17 Double-Bit Axe
21:50 Fletching
22:59 Bodkin Arrow
26:04 Padded Archer Armor
31:54 Leather Archer Armor
33:16 Wheelbarrow
36:05 Imperial Age
Sugar Honey Ice Tea
4:03 Loom
14:45 Feudal Age
18:17 Castle Age
16:54 Stone Mining
26:41 Double-Bit Axe
29:29 Wheelbarrow
28:40 Town Watch
29:12 Gold Mining
32:49 Scale Mail Armor
33:00 Forging
33:55 Fletching
EY
13:14 Feudal Age
17:41 Castle Age
16:28 Fletching
16:28 Double-Bit Axe
17:43 Fletching
20:40 Bow Saw
22:49 Bodkin Arrow
23:41 Padded Archer Armor
26:57 Wheelbarrow
26:13 Loom
28:13 Leather Archer Armor
33:52 Ballistics
38:48 Imperial Age
runranrunrunning
13:11 Feudal Age
12:53 Loom
12:57 Loom
17:13 Castle Age
15:26 Double-Bit Axe
15:56 Horse Collar
16:11 Gold Mining
17:59 Scale Barding Armor
19:07 Bow Saw
19:35 Gold Shaft Mining
21:57 Bloodlines
23:10 Husbandry
23:29 Forging
25:55 Chain Barding Armor
26:17 Iron Casting
33:07 Tuntian
Connection lost

Rejoining the realm…

Still unreachable

The connection could not be restored.

Session expired

The server has moved on; the page needs a fresh start.